 Dungeon Crawl Stone Soup version 0.30-a0-870-gc5d4c5acee (webtiles) character file.

Game seed: 2505290574432238381

53 cforsyth the Covered (level 3, -4/30 HPs)
             Began as a Barachi Fighter on Mar 11, 2023.
             Slain by an orc
             ... wielding a +0 trident
              (7 damage)
             ... on level 3 of the Dungeon.
             The game lasted 00:01:41 (1619 turns).

cforsyth the Covered (Barachi Fighter)              Turns: 1619, Time: 00:01:42

Health: -4/30      AC:  7    Str: 23    XL:     3   Next: 87%
Magic:  3/3        EV:  9    Int: 10    God:
Gold:   165        SH:  4    Dex: 11    Spells: 2/2 levels left

rFire   + . .      SeeInvis .    a - +0 long sword
rCold   + . .      Faith    .    c - +0 buckler
rNeg    . . .      Spirit   .    b - +0 scale mail
rPois   +          Reflect  .    (no helmet)
rElec   +          Rampage  .    (no cloak)
rCorr   +                        (no gloves)
Will    .....                    (no boots) Stlth
                                 (no amulet)
HPRegen 0.25/turn                j - +6 ring of strength
MPRegen 0.08/turn                (no ring)

@: resistant, unable to hop, flying (expiring), slow
A: amphibious, slowness 1, strong legs 1, +LOS
a: Hop


You were on level 3 of the Dungeon.
You visited 1 branch of the dungeon, and saw 3 of its levels.

You collected 165 gold pieces.

Inventory:

Hand Weapons
 a - a +0 long sword (weapon)
Armour
 b - a +0 scale mail (worn)
 c - a +0 buckler (worn)
Jewellery
 j - a +6 ring of strength (left hand)
Scrolls
 e - a scroll of vulnerability {unknown}
 f - 2 scrolls of enchant weapon {unknown}
 g - a scroll of magic mapping {unknown}
 i - a scroll of identify {unknown}
 l - a scroll of amnesia {unknown}
 m - a scroll of enchant armour {unknown}
 n - a scroll of butterflies {unknown}
Potions
 d - a potion of might
 h - a potion of resistance
 k - a potion of flight


   Skills:
 + Level 4.1 Fighting
 + Level 3.2 Long Blades
 + Level 4.2 Armour
 + Level 3.8 Shields


You had 2 spell levels left.
You didn't know any spells.
Your spell library contained the following spells:

 Spells                   Type           Power      Damage    Failure   Level
 Magic Dart               Conj           0%         1d3       77%         1
 Call Imp                 Summ           0%         N/A       88%         2
 Ensorcelled Hibernation  Hex/Ice        0%         N/A       88%         2
 Passwall                 Tmut/Erth      0%         N/A       88%         2
 Mephitic Cloud           Conj/Pois/Air  0%         N/A       98%         3
 Swiftness                Air            0%         N/A       98%         3


Dungeon Overview and Level Annotations

Branches:
Dungeon (3/15)

Altars:

Shops:
D:2 *


Innate Abilities, Weirdness & Mutations

You are amphibious.
You cover ground slowly.
You can hop short distances.
You have an extended range of vision and can be seen from far away.


Message History

You are too injured to fight recklessly!
Unknown command.
The orc throws a boomerang.
The boomerang misses you.
You see here 6 javelins.
The orc throws a boomerang.
The boomerang hits you. The orc hits you with a +0 hand axe.
* * * LOW HITPOINT WARNING * * *
The orc throws a boomerang.
The boomerang misses you.
It was a potion of resistance.
You feel protected. The orc closely misses you.
It was a potion of flight.
You feel very buoyant.
You fly up into the air.
The orc closely misses you.
You barely miss the orc. The orc hits you with a +0 hand axe.
* * * LOW HITPOINT WARNING * * *
Hop to where?
Press: ? - help, Dir - move target Boing!
You slash the orc!
You kill the orc!
You barely miss the orc. You barely miss the orc. You block the orc's attack.
The orc hits you but does no damage.
You hit the orc.
The orc is almost dead.
The orc misses you.
Okay, then.
You closely miss the orc.
The orc is almost dead.
The orc hits you with a +0 whip.
* * * LOW HITPOINT WARNING * * *
The orc closely misses you.
You hit the orc but do no damage.
The orc is almost dead.
You are starting to lose your buoyancy.
The orc hits you with a +0 whip.
* * * LOW HITPOINT WARNING * * *
The orc hits you from afar with a +0 trident!
You die...

########## .........###
...........# .#######.#.#
#.#.# ##.#.# ##....####
#.....@oo#
#.....##o########## #
#.#.#.##.{o)B(....##.## #.
#.#.#.#######.o........
#.#####.#.#.###.......#######
#...........>.........?†.oBo#
#.........###.#.###.#..####oo
####.......##.# #.#..#
#............. #.#..#


You could see 4 orcs.

Vanquished Creatures
  An adder (D:2)
  A dart slug (D:2)
  An orc (D:3)
  2 ball pythons
  3 endoplasms
  2 giant cockroaches (D:3)
  8 goblins
  7 hobgoblins
  A quokka (D:2)
  3 bats
  2 frilled lizards
  4 kobolds (D:2)
  A rat (D:2)
36 creatures vanquished.

Notes
Turn   | Place    | Note
-------+----------+-------------------------------------------
     0 | D:1      | cforsyth the Barachi Fighter began the quest for the Orb.
     0 | D:1      | Reached XP level 1. HP: 18/18 MP: 1/1
     6 | D:1      | Noticed a polar bear
     6 | D:1      | Noticed a salamander
     7 | D:1      | Noticed a snapping turtle
   236 | D:1      | Found a faded altar of an unknown god.
   379 | D:1      | Reached XP level 2. HP: 24/25 MP: 2/2
  1117 | D:2      | Reached XP level 3. HP: 30/30 MP: 3/3
  1181 | D:2      | Found Koeklies's General Store.
  1619 | D:3      | Slain by an orc

Illustrated notes

Levels and vault maps discovered:
D:1:      onia_arrival_zoo_common, layout_loops_corners,
          chequers_ecumenical_altar_island, hex_large
D:2:      layout_loops_ring, serial_shops, nicolae_shop_advertising_works
          [nicolae_subvault_shop_adworks]
D:3:      layout_loops_ring

Skill      XL: |  1  2  3 |
---------------+----------+-----
Armour         | 4 |  4.2
Fighting       | 4 |  4.1
Long Blades    | 3 |  3.2
Shields        | |  3.8

Action                     || total
---------------------------++-------
  Melee: Long sword        ||   124
Ability: Hop               ||     1
    Use: Potion            ||     2
 Armour: Scale mail        ||    46
  Dodge: Dodged            ||    48
  Block: Buckler           ||    37

Table legend: (Time is in decaauts)
 A = Elapsed time spent in this place.
 B = Non-inter-level travel time spent in this place.
 C = Inter-level travel time spent in this place.
 D = Time resting spent in this place.
 E = Time spent auto-exploring this place.
 F = Levels seen in this place.
 G = Mean time per level.
                   A        B        C        D        E       F      G
               +--------+--------+--------+--------+--------+-----+--------+
         Total |   1923 |   1823 |    100 |      0 |   1515 |   3 |  641.0 |
       Dungeon |   1923 |   1823 |    100 |      0 |   1515 |   3 |  641.0 |
               +--------+--------+--------+--------+--------+-----+--------+

Top non-repeatable levels by time:
     D:1: 992 daAuts
     D:2: 814 daAuts
     D:3: 115 daAuts
